 Dungeon Crawl Stone Soup version 0.31-a0-149-g3fdcc5976a (webtiles) character file.

Game seed: 2568750443859081541

147 avis the Gusty (level 5, -3/32 HPs)
             Began as a Tengu Air Elementalist on June 7, 2023.
             Slain by Edmund
             ... wielding a +3 flail of holy wrath
              (10 damage)
             ... on level 4 of the Dungeon.
             The game lasted 00:30:58 (3149 turns).

avis the Gusty (Tengu Air Elementalist)             Turns: 3149, Time: 00:30:58

Health: -3/32      AC:  3    Str:  9    XL:     5   Next: 29%
Magic:  0/9        EV: 14    Int: 15    God:
Gold:   78         SH:  0    Dex: 16    Spells: 2/8 levels left

rFire   . . .        a - +0 rapier
rCold   . . .        (no shield)
rNeg    . . .        o - +0 leather armour
rPois   .            (helmet restricted)
rElec   .            (no cloak)
rCorr   .            (no gloves)
SInv    .            (boots unavailable)
Will    .....        (no amulet)
Stlth   ++           (no ring)
HPRegen 0.25/turn    (no ring)
MPRegen 0.11/turn

%: no passive effects
@: flying quickly and evasively, quick
A: beak, talons 3, nimble flight
a: no special abilities


You were on level 4 of the Dungeon.
You visited 1 branch of the dungeon, and saw 4 of its levels.

You collected 78 gold pieces.

Inventory:

Hand Weapons
 a - a +0 rapier (weapon)
 b - a +0 sling
 g - a +0 quarterstaff
 w - a +2 demon trident of draining
Missiles
 n - 15 poisoned darts
 u - 4 boomerangs
Armour
 h - a +0 robe
 o - a +0 leather armour (worn)
Wands
 j - a wand of charming (11)
Scrolls
 d - a scroll of fear {unknown}
 e - 2 scrolls of teleportation {unknown}
 f - a scroll of vulnerability {unknown}
 i - a scroll of amnesia {unknown}
 l - a scroll of silence {unknown}
 r - a scroll of poison {unknown}
 s - a scroll of enchant weapon {unknown}
 t - a scroll of noise {unknown}
Potions
 c - a potion of curing
 k - a potion of lignification
 m - a potion of magic
 p - 3 potions of might
 q - a potion of mutation {unknown}


   Skills:
 - Level 3.0 Fighting
 - Level 3.0 Dodging
 - Level 2.0 Stealth
 * Level 2.3 Spellcasting
 - Level 4.0 Conjurations
 - Level 4.0 Air Magic


You had 2 spell levels left.
You knew the following spells:

 Your Spells              Type           Power      Damage    Failure   Level
a - Shock                 Conj/Air       52%        1d6       6%          1
d - Static Discharge      Conj/Air       26%        2-4/arc   9%          2
f - Swiftness             Air            13%        N/A       17%         3

Your spell library contained the following spells:

 Spells                   Type           Power      Damage    Failure   Level
 Sandblast                Erth           2%         2d4       30%         1
 Ensorcelled Hibernation  Hex/Ice        2%         N/A       43%         2
 Passwall                 Tmut/Erth      0%         N/A       43%         2
 Stone Arrow              Conj/Erth      14%        3d7       38%         3
 Airstrike                Air            6%         2d(1-17)  50%         4


Dungeon Overview and Level Annotations

Branches:
Dungeon (4/15)
 Temple: D:4-7

Altars:
Trog
Wu Jian

Shops:
D:4 !

Annotations:
D:2 1 runed translucent door, Crazy Yiuf
D:3 2 transporters
D:4 Edmund, Ijyb


Innate Abilities, Weirdness & Mutations

You have a beak for a mouth.
You have claws for feet.
Your magical nature lets you fly swiftly and evasively.


Message History

You are struck by an arc of lightning.
The lightning grounds out.
Edmund misses you.
Casting: Static Discharge (safe; 9% risk of failure)
Confirm with . or Enter, or press ? or * to list all spells.
Edmund is struck by an arc of lightning.
Edmund is moderately wounded.
You are struck by an arc of lightning.
Edmund is struck by an arc of lightning.
Edmund is moderately wounded.
You are struck by an arc of lightning.
The lightning grounds out.
Edmund barely misses you.
Casting: Static Discharge (safe; 9% risk of failure)
Confirm with . or Enter, or press ? or * to list all spells.
Edmund is struck by an arc of lightning.
Edmund is heavily wounded.
You are struck by an arc of lightning.
Edmund is struck by an arc of lightning.
Edmund is heavily wounded.
You are struck by an arc of lightning.
The lightning grounds out.
Edmund hits you with a +3 flail of holy wrath!
Casting: Static Discharge (safe; 9% risk of failure)
Confirm with . or Enter, or press ? or * to list all spells.
Aiming: Shock (safe; 6% risk of failure)
Press: ? - help, Shift-Dir - straight line The zap misses Edmund. x2
Edmund hits you with a +3 flail of holy wrath.
* * * LOW HITPOINT WARNING * * *
Casting: Shock (safe; 6% risk of failure)
Confirm with . or Enter, or press ? or * to list all spells.
Aiming: Shock (safe; 6% risk of failure)
Press: ? - help, Shift-Dir - straight line The zap hits Edmund.
Edmund is severely wounded.
The zap hits Edmund.
Edmund is severely wounded.
Edmund misses you.
You hit Edmund. You claw Edmund. Your peck misses Edmund.
Edmund is almost dead.
Edmund hits you with a +3 flail of holy wrath!
You die...

#..###...####
#∩....@.....#
#.....).....# ####
#.# #..###.######
............#
...........########
#..######..##.....#
##+# ##..##..@@.#
#..........#
#...........#
#...........#
###.###....## #.#
#....# +.. ......+
#.........# ###
##..##


You could see Edmund.

Vanquished Creatures
  A sleepcap (D:4)
  Robin (D:2)
  2 adders
  3 worms
  2 dart slugs (D:2)
  2 orcs
  2 ball pythons
  7 endoplasms
  4 giant cockroaches
  5 hobgoblins
  5 jackals
  3 quokkas
  5 bats
  3 frilled lizards
  13 goblins
  7 kobolds (D:2)
  4 rats
69 creatures vanquished.

Notes
Turn   | Place    | Note
-------+----------+-------------------------------------------
     0 | D:1      | avis the Tengu Air Elementalist began the quest for the
                  | Orb.
     0 | D:1      | Reached XP level 1. HP: 10/10 MP: 4/4
   276 | D:1      | Reached skill level 1 in Fighting
   276 | D:1      | Reached XP level 2. HP: 16/16 MP: 4/6
   298 | D:1      | Learned a level 2 spell: Static Discharge
   401 | D:1      | You fall into a shaft and drop 1 floor!
   866 | D:2      | Reached XP level 3. HP: 19/20 MP: 4/7
   926 | D:2      | Learned a level 3 spell: Swiftness
  1146 | D:2      | Noticed Robin
  1168 | D:2      | Killed Robin
  1229 | D:2      | Reached XP level 4. HP: 26/26 MP: 4/8
  1414 | D:2      | Found a runed translucent door.
  1415 | D:2      | Noticed Crazy Yiuf
  1929 | D:3      | Found a bloodstained altar of Trog.
  2214 | D:3      | Found a transporter.
  2384 | D:3      | Found a transporter.
  2631 | D:3      | Found an ornate altar of the Wu Jian Council.
  2854 | D:4      | Noticed Ijyb
  2967 | D:4      | Gained mutation: Your magical nature lets you fly swiftly
                  | and evasively. [Tengu growth]
  2967 | D:4      | Reached XP level 5. HP: 12/32 MP: 1/9
  3097 | D:4      | Found Qeumocyd's Distillery.
  3097 | D:4      | Noticed Edmund
  3149 | D:4      | Slain by Edmund

Illustrated notes

Levels and vault maps discovered:
D:1:      roderic_octagonal_star, layout_rooms
D:2:      layout_loops_ring, minmay_misc_feat_tiny, minmay_pentomino_o2,
          uniq_robin, uniq_crazy_yiuf_cottage
D:3:      gammafunk_wand_slinger, layout_rooms, bloody_trog,
          nicolae_wu_jian_glorious_leap, glass_columns_a, minivault_4,
          nrook_mini_vaults, patterned_corridor
D:4:      minmay_bubble_buster, layout_gridville,
          nicolae_elyvilon_peaceful_grove, serial_shops, shop, uniq_ijyb,
          uniq_edmund, uniq_sigmund

Skill      XL: |  1  2  3  4 |
---------------+-------------+-----
Conjurations   | 2 3 4 |  4.0
Fighting       | 1 2 3 |  3.0
Dodging        | 3 |  3.0
Stealth        | |  2.0
Spellcasting   | |  2.3
Air Magic      | |  4.0

Action                     |  1- 3 |  4- 6 || total
---------------------------+-------+-------++-------
  Melee: Rapier            |    10 |     2 ||    12
         Kick              |     2 |     2 ||     4
   Fire: Sling             |    18 |    29 ||    47
   Cast: Shock             |    45 |    42 ||    87
         Static Discharge  |       |     6 ||     6
    Use: Scroll            |       |     3 ||     3
         Potion            |       |     1 ||     1
 Armour: Robe              |     2 |       ||     2
         Leather armour    |     1 |     3 ||     4
  Dodge: Dodged            |    14 |    11 ||    25

Table legend: (Time is in decaauts)
 A = Elapsed time spent in this place.
 B = Non-inter-level travel time spent in this place.
 C = Inter-level travel time spent in this place.
 D = Time resting spent in this place.
 E = Time spent auto-exploring this place.
 F = Levels seen in this place.
 G = Mean time per level.
                   A        B        C        D        E       F      G
               +--------+--------+--------+--------+--------+-----+--------+
         Total |   3163 |   2859 |    304 |    745 |   1404 |   4 |  790.8 |
       Dungeon |   3163 |   2859 |    304 |    745 |   1404 |   4 |  790.8 |
               +--------+--------+--------+--------+--------+-----+--------+

Top non-repeatable levels by time:
     D:2: 1287 daAuts
     D:3: 993 daAuts
     D:1: 674 daAuts
     D:4: 208 daAuts
